Map: Templo óseo EE

Players

MrFercho - Winner!

  • Race: Zerg Zerg
  • League: Gold
  • Spawn Location: 7:00

TATORREA - Winner!

  • Race: Protoss Protoss
  • League: Gold
  • Spawn Location: 6:00

tigro - Winner!

  • Race: Terran Terran
  • League: Bronze
  • Spawn Location: 7:00

Castle

  • Race: Protoss Protoss
  • Spawn Location: 12:00

Shadow

  • Race: Protoss Protoss
  • Spawn Location: 1:00

NekuUwU

  • Race: Zerg Zerg
  • League: Silver
  • Spawn Location: 3:00

VOD

Have the link to the VOD?

Description

Time

  • Played on: Aug. 7, 2020, 8:16 p.m.
  • Length: 10:41
Show
View Real Time Build Order
Export as new Build Order

MrFercho Zerg - Winner!

Build Orders: Pool First 

Get SALT Encoding   

  12  0:19  Spawning Pool  
  11  0:24  Drone  
  12  0:31  Overlord  
  12  0:35  Drone  
  13  0:45  Drone  
  13  0:47  Overlord  
  14  1:06  Drone  
  14  1:09  Queen  
  14  1:11  Zergling x2  
  18  1:30  Zergling x4  
  20  1:45  Zergling x2  
  21  1:54  Hatchery  
  20  2:00  Zergling x2  
  21  2:04  Drone  
  22  2:14  Zergling x2  
  23  2:27  Zergling x6  
  26  2:33  Zergling x2  
  27  2:40  Queen  
  27  2:43  Zergling x2  
  30  2:53  Metabolic Boost  
  30  2:57  Overlord  
  30  3:07  Overlord  
  30  3:09  Zergling x8  
  34  3:25  Zergling x2  
  34  3:26  Zergling x2  
  36  3:39  Zergling x10  
  39  3:54  Zergling x2  
  39  3:55  Zergling x4  
  40  4:08  Zergling x4  
  42  4:17  Zergling x4  
  44  4:27  Zergling x4  
  46  4:36  Zergling x4  
  48  4:50  Zergling x4  
  46  5:25  Zergling x4  
  46  5:26  Zergling x10  
  44  5:48  Zergling x18  
  39  6:02  Zergling x2  
  39  6:03  Zergling x2  
  39  6:15  Zergling x8  
  41  6:31  Zergling x8  
  33  6:42  Zergling x4  
  31  6:48  Lair  
  31  6:59  Evolution Chamber  
  28  7:01  Zergling x2  
  28  7:02  Zergling x4  
  27  7:11  Hatchery  
  26  7:18  Zergling x6  
  29  7:31  Zergling x12  
  35  7:39  Zergling x4  
  37  7:53  Zergling x16  
  45  8:01  Zergling x2  
  45  8:02  Zergling x2  
  47  8:15  Zergling x4  
  47  8:18  Zerg Missile Weapons Level 1  
  49  8:28  Hydralisk Den  
  48  8:43  Zergling x2  
  48  8:44  Zergling x14  
  56  8:58  Muscular Augments  
  53  9:23  Zergling x12  
  57  9:29  Overlord x2  
  57  9:31  Zergling x2  
  57  9:47  Zergling x2  
  57  9:48  Zergling x30  
  69  10:02  Zergling x6  
Show
View Real Time Build Order
Export as new Build Order

TATORREA Protoss - Winner!

Build Orders:  

Get SALT Encoding   

  12  0:03  Probe  
  13  0:15  Probe  
  14  0:24  Pylon  
  14  0:28  Probe  
  16  0:42  Probe  
  16  0:50  Gateway  
  16  0:55  Probe  
  17  1:00  Assimilator  
  17  1:03  Pylon  
  17  1:07  Probe (Chrono Boost)  
  18  1:14  Gateway  
  18  1:18  Probe (Chrono Boost)  
  19  1:22  Probe (Chrono Boost)  
  20  1:25  Assimilator  
  20  1:34  Probe  
  21  1:45  Cybernetics Core  
  21  1:46  Probe  
  22  1:48  Gateway  
  22  1:50  Gateway  
  22  1:54  Pylon  
  22  1:58  Probe  
  22  1:59  Pylon  
  23  2:06  Pylon, Forge  
  23  2:10  Probe  
  24  2:22  Warp Gate  
  24  2:23  Stalker x2 (Chrono Boost)  
  28  2:39  Stalker x2 (Chrono Boost), Protoss Ground Weapons Level 1  
  32  2:48  Stalker  
  34  2:51  Stalker  
  36  3:14  Stalker x2  
  40  3:22  Stalker  
  40  3:23  Stalker  
  44  3:30  Pylon  
  44  3:34  Pylon  
  40  4:33  Stalker x4  
  48  5:18  Stalker x3  
  48  5:19  Stalker  
  56  5:23  Nexus  
  56  5:28  Probe  
  57  5:40  Probe  
  56  5:50  Stalker x4  
  56  5:52  Probe  
  66  6:04  Probe  
  62  6:16  Probe  
  63  6:28  Probe  
  64  6:40  Probe  
  64  6:46  Stalker x4  
  71  6:47  Probe  
  71  6:52  Probe  
  63  6:59  Probe  
  58  7:04  Probe  
  59  7:12  Probe  
  59  7:15  Stalker x4  
  64  7:17  Probe  
  61  7:24  Probe  
  61  7:29  Probe  
  61  7:36  Probe  
  62  7:41  Probe  
  57  7:50  Stalker x4  
  63  8:02  Assimilator  
  63  8:05  Assimilator  
  63  8:09  Pylon  
  63  8:12  Pylon  
  63  8:23  Stalker x4  
  71  8:27  Nexus  
  71  8:30  Pylon  
  71  8:31  Robotics Facility  
  71  8:32  Pylon  
  71  8:36  Robotics Facility, Pylon  
  71  8:38  Pylon, Probe x2  
  73  8:43  Pylon  
  73  8:49  Stalker  
  73  8:50  Stalker x2, Probe  
  73  8:51  Probe  
  73  8:52  Stalker  
  83  8:59  Pylon  
  83  9:01  Gateway  
  83  9:02  Gateway  
  83  9:03  Probe  
  83  9:04  Probe  
  83  9:05  Gateway  
  85  9:15  Probe  
  85  9:16  Probe  
  87  9:24  Assimilator  
  87  9:27  Probe  
  87  9:29  Probe  
  87  9:30  Assimilator  
  89  9:39  Probe  
  89  9:41  Probe  
  87  9:51  Stalker x4, Probe  
  90  9:53  Probe  
  87  10:17  Probe  
  87  10:18  Probe x2  
Show
View Real Time Build Order
Export as new Build Order

tigro Terran - Winner!

Build Orders:  

Get SALT Encoding   

  12  0:16  SCV  
  13  0:23  Supply Depot  
  13  1:36  Refinery  
  13  1:37  Refinery  
Show
View Real Time Build Order
Export as new Build Order

Castle Protoss 

Build Orders: 1 Gate Expand 

Get SALT Encoding   

  12  0:00  Probe  
  13  0:13  Probe  
  14  0:18  Pylon  
  14  0:25  Probe  
  15  0:40  Gateway, Probe  
  16  0:49  Assimilator  
  16  0:52  Probe  
  17  1:04  Probe  
  18  1:16  Probe  
  19  1:29  Cybernetics Core  
  19  1:36  Nexus  
  19  1:38  Probe  
  20  1:44  Assimilator  
  20  1:51  Pylon  
  20  1:55  Probe (Chrono Boost)  
  21  2:05  Probe (Chrono Boost)  
  22  2:10  Probe (Chrono Boost)  
  23  2:22  Probe  
  24  2:32  Stalker (Chrono Boost)  
  24  2:34  Protoss Air Weapons Level 1 (Chrono Boost), Probe  
  27  2:48  Probe (Chrono Boost)  
  27  2:51  Probe (Chrono Boost)  
  29  2:53  Pylon  
  29  2:57  Probe (Chrono Boost)  
  31  3:00  Probe (Chrono Boost)  
  31  3:02  Probe (Chrono Boost), Stargate  
  33  3:14  Probe x2 (Chrono Boost)  
  34  3:23  Probe (Chrono Boost)  
  34  3:25  Probe (Chrono Boost)  
  36  3:27  Assimilator  
  36  3:28  Probe  
  36  3:31  Assimilator  
  37  3:34  Probe  
  37  3:39  Pylon  
  37  3:40  Probe  
  30  3:46  Probe  
  28  3:53  Probe  
  29  3:58  Probe  
  30  4:13  Forge  
  30  4:24  Pylon  
  30  4:25  Pylon  
  30  4:29  Pylon  
  30  4:31  Pylon  
  30  4:33  Void Ray (Chrono Boost)  
  32  4:47  Pylon  
  32  4:49  Photon Cannon  
  32  4:51  Photon Cannon  
  32  4:54  Photon Cannon  
  32  5:08  Photon Cannon  
  32  5:23  Gateway  
  32  5:40  Pylon  
  13  6:11  Pylon  
  7  6:59  Cybernetics Core  
  7  7:12  Probe (Chrono Boost)  
  8  7:22  Probe (Chrono Boost)  
  9  7:26  Probe (Chrono Boost)  
  10  7:38  Probe  
  11  7:45  Robotics Facility  
  11  7:48  Warp Gate  
  11  7:50  Probe  
  12  7:52  Gateway  
  12  7:57  Pylon  
  12  8:02  Forge  
  12  8:05  Probe (Chrono Boost)  
  13  8:14  Probe (Chrono Boost)  
  13  8:19  Probe (Chrono Boost)  
  15  8:31  Probe  
  16  8:37  Immortal  
  20  8:43  Probe  
  20  8:44  Pylon  
  21  8:55  Probe (Chrono Boost)  
  22  9:07  Probe (Chrono Boost)  
  23  9:12  Probe (Chrono Boost)  
  24  9:21  Photon Cannon, Probe  
  25  9:27  Photon Cannon  
  18  9:46  Sentry x2  
Show
View Real Time Build Order
Export as new Build Order

Shadow Protoss 

Build Orders: Double Forge 

Get SALT Encoding   

  12  0:01  Probe  
  13  0:13  Probe  
  14  0:26  Probe  
  14  0:27  Pylon  
  15  0:31  Assimilator  
  15  0:45  Probe (Chrono Boost)  
  15  0:49  Gateway  
  17  0:57  Probe (Chrono Boost)  
  17  1:06  Probe (Chrono Boost)  
  18  1:12  Probe  
  18  1:14  Forge  
  19  1:24  Probe  
  20  1:36  Probe  
  21  1:55  Assimilator  
  21  1:57  Pylon  
  21  2:00  Pylon  
  20  2:25  Cybernetics Core  
  20  2:52  Probe (Chrono Boost)  
  21  3:02  Adept, Probe (Chrono Boost)  
  24  3:06  Photon Cannon  
  24  3:07  Probe (Chrono Boost)  
  24  3:11  Photon Cannon  
  25  3:25  Gateway x2  
  25  3:33  Nexus  
  25  4:12  Cybernetics Core  
  25  4:14  Gateway  
  25  4:15  Stalker x2  
  29  4:20  Forge  
  29  4:33  Pylon  
  29  4:36  Photon Cannon  
  29  4:48  Stalker  
  29  4:51  Stalker  
  33  4:53  Protoss Ground Weapons Level 1  
  31  5:00  Warp Gate  
  31  5:04  Stalker  
  33  5:10  Photon Cannon  
  33  5:12  Photon Cannon  
  33  5:15  Pylon  
  33  5:29  Twilight Council  
  33  5:30  Pylon  
  33  5:51  Photon Cannon  
  33  5:52  Stalker x2  
  33  5:53  Photon Cannon  
  36  6:48  Blink  
  34  6:58  Stalker x2  
  38  7:08  Photon Cannon  
  38  7:09  Photon Cannon  
  38  7:12  Photon Cannon  
  36  7:26  Stalker x2  
  36  7:27  Stalker  
  34  7:57  Gateway  
  34  7:58  Gateway  
  34  8:21  Nexus  
  34  8:23  Probe  
  35  8:35  Probe  
  36  8:47  Probe  
  37  8:48  Forge  
  37  8:49  Charge  
  37  8:55  Stalker  
  37  9:00  Pylon  
  39  9:19  Stalker x2  
  38  9:32  Stalker x3  
  36  9:51  Stalker x2  
Show
View Real Time Build Order
Export as new Build Order

NekuUwU Zerg 

Build Orders: Hatch First 

Get SALT Encoding   

  12  0:01  Drone  
  13  0:13  Overlord  
  13  0:18  Drone  
  14  0:33  Drone x2  
  16  0:51  Hatchery  
  16  0:55  Drone  
  16  1:05  Extractor  
  15  1:11  Spawning Pool  
  15  1:15  Drone  
  15  1:19  Drone  
  15  1:25  Drone  
  17  1:33  Drone  
  18  1:52  Extractor  
  18  1:53  Drone  
  18  1:54  Drone  
  19  2:05  Zergling x2  
  19  2:07  Overlord  
  20  2:17  Lair  
  20  2:19  Drone  
  20  2:22  Drone  
  22  2:24  Queen  
  24  2:34  Drone  
  24  2:35  Drone  
  26  2:50  Drone x2  
  28  3:01  Drone x3  
  31  3:25  Spire  
  31  3:27  Drone x3  
  33  3:37  Infestation Pit  
  31  4:00  Spine Crawler  
  28  4:14  Zergling x6  
  16  4:38  Mutalisk x2  
  1  4:41  Mutalisk  
  6  4:59  Mutalisk x2  
  10  5:12  Drone x3  
  7  5:33  Hatchery  
  6  7:15  Drone  
  5  7:49  Drone  
  6  8:40  Drone x3  
  9  8:54  Drone  
  10  9:08  Drone  
  11  10:02  Drone x3  
Tags
 
Add a new tag
Caveats
  • Supply blocks, unpowered buildings, or Contaminate may cause inaccurate times.
  • Supply counts are checked every 10 seconds.